BLB
DENVER BULLS @ CALIFORNIA KODIAKS
06/30/2059
 
TOP OF THE 1ST
Denver Bulls batting - Pitching for California Kodiaks : RHP Bobby Ferguson
Pitching: RHP Bobby Ferguson
Batting: LHB Johnathan Wang 0-0: Ball
1-0: Ground out 4-3 (Groundball, 4MD, EV 85.0 MPH)
Batting: SHB Sage Reinisch 0-0: Called Strike
0-1: Foul Ball, location: 2F
0-2: Ball
1-2: Ball
2-2: Ball
3-2: Strikes out swinging
Batting: LHB Sean Gallina 0-0: Ground out 6-3 (Groundball, 6, EV 85.0 MPH)
Top of the 1st over - 0 runs, 0 hits, 0 errors, 0 left on base; Denver 0 - California 0
BOTTOM OF THE 1ST
California Kodiaks batting - Pitching for Denver Bulls : RHP Mark Myers
Pitching: RHP Mark Myers
Batting: LHB Stephen Caskey 0-0: Ball
1-0: Ball
2-0: DOUBLE (Line Drive, 78D, EV 104.4 MPH)
Batting: RHB Mitt Saginashvili 0-0: Ball
Stephen Caskey steals 3rd base (no throw)
1-0: Foul Ball, location: 2F
1-1: Ball
2-1: Ball
3-1: Called Strike
3-2: Foul Ball, location: 2F
3-2: Strikes out looking
Batting: RHB Stan Sikes 0-0: Swinging Strike
0-1: Called Strike
0-2: Ball
1-2: Ball
2-2: Foul Ball, location: 2F
2-2: Strikes out swinging
Batting: RHB Spencer Stephens 0-0: Called Strike
0-1: Called Strike
0-2: Strikes out swinging
Bottom of the 1st over - 0 runs, 1 hit, 0 errors, 1 left on base; Denver 0 - California 0
TOP OF THE 2ND
Denver Bulls batting - Pitching for California Kodiaks : RHP Bobby Ferguson
Batting: LHB Michael Hughes 0-0: Ball
1-0: Foul Ball, location: 2F
1-1: Swinging Strike
1-2: Ball
2-2: Foul Ball, location: 2F
2-2: Fly out, F7 (Flyball, 78D, EV 102.5 MPH)
Batting: RHB James Wilson 0-0: Called Strike
0-1: Ball
1-1: Ball
2-1: Ground out 6-3 (Groundball, 6, EV 86.2 MPH)
Batting: SHB T.J. Carter 0-0: Swinging Strike
0-1: Fly out, F8 (Flyball, 8LM, EV 84.4 MPH)
Top of the 2nd over - 0 runs, 0 hits, 0 errors, 0 left on base; Denver 0 - California 0
BOTTOM OF THE 2ND
California Kodiaks batting - Pitching for Denver Bulls : RHP Mark Myers
Batting: RHB Hayden Cornett 0-0: Ball
1-0: Ball
2-0: Called Strike
2-1: Ball
3-1: Foul Ball, location: 2F
3-2: Foul Ball, location: 2F
3-2: Fly out, F4 (Popup, 4D, EV 60.0 MPH)
Batting: LHB Joey Robertson 0-0: Fly out, F7 (Flyball, 78S, EV 91.9 MPH)
Batting: RHB C.J. Spicer 0-0: Ball
1-0: Foul Ball, location: 2F
1-1: DOUBLE (Flyball, 89D, EV 101.9 MPH)
Batting: RHB Al Wagner 0-0: Foul Ball, location: 2F
0-1: Swinging Strike
0-2: Ball
1-2: Strikes out swinging
Bottom of the 2nd over - 0 runs, 1 hit, 0 errors, 1 left on base; Denver 0 - California 0
TOP OF THE 3RD
Denver Bulls batting - Pitching for California Kodiaks : RHP Bobby Ferguson
Batting: LHB Wil Murillo 0-0: Ball
1-0: SINGLE (Line Drive, 9LS, EV 104.4 MPH)
Batting: RHB Bert Thoma 0-0: Ball
1-0: Foul Ball, location: 2F
1-1: Called Strike
1-2: Ball
2-2: Ball
3-2: Strikes out swinging
Batting: RHB Liam Gill 0-0: Called Strike
0-1: Ball
1-1: Foul Ball, location: 2F
1-2: Strikes out looking
Batting: LHB Johnathan Wang 0-0: Called Strike
0-1: Swinging Strike
0-2: Strikes out swinging
Top of the 3rd over - 0 runs, 1 hit, 0 errors, 1 left on base; Denver 0 - California 0
BOTTOM OF THE 3RD
California Kodiaks batting - Pitching for Denver Bulls : RHP Mark Myers
Batting: RHB Caron Wilson 0-0: Called Strike
0-1: Ball
1-1: Foul Ball, location: 2F
1-2: Ball
2-2: Foul Ball, location: 2F
2-2: SINGLE (Line Drive, 7LS, EV 100.0 MPH)
Batting: LHB Stephen Caskey 0-0: Ball
1-0: Called Strike
1-1: Foul Ball, location: 2F
1-2: Foul Ball, location: 2F
1-2: Fielders Choice at 2nd, 4-6 (Groundball, 4, EV 86.9 MPH)
Batting: RHB Mitt Saginashvili 0-0: Called Strike
0-1: Ball
1-1: Ball
Stephen Caskey is caught stealing 2nd base 2-4
2-1: Ball
3-1: Base on Balls
Batting: RHB Stan Sikes 0-0: Ball
1-0: Ball
2-0: Ball
3-0: Base on Balls
Mitt Saginashvili to second
Batting: RHB Spencer Stephens 0-0: Ball
1-0: Ball
2-0: Called Strike
2-1: Fly out, F7 (Flyball, 7D, EV 76.9 MPH)
Bottom of the 3rd over - 0 runs, 1 hit, 0 errors, 2 left on base; Denver 0 - California 0
TOP OF THE 4TH
Denver Bulls batting - Pitching for California Kodiaks : RHP Bobby Ferguson
Batting: SHB Sage Reinisch 0-0: Ball
1-0: Swinging Strike
1-1: SINGLE (Groundball, 4MD, EV 105.0 MPH)
Batting: LHB Sean Gallina 0-0: Ball
Sage Reinisch steals 2nd base
1-0: Called Strike
1-1: Ball
2-1: Foul Ball, location: 2F
2-2: Strikes out swinging
Batting: LHB Michael Hughes 0-0: Ball
1-0: Called Strike
1-1: Foul Ball, location: 2F
1-2: Ground out 6-3 (Groundball, 6, EV 92.5 MPH)
Sage Reinisch to third
Batting: RHB James Wilson 0-0: Fly out, F9 (Flyball, 89M, EV 89.4 MPH)
Top of the 4th over - 0 runs, 1 hit, 0 errors, 1 left on base; Denver 0 - California 0
BOTTOM OF THE 4TH
California Kodiaks batting - Pitching for Denver Bulls : RHP Mark Myers
Batting: RHB Hayden Cornett 0-0: Called Strike
0-1: Ground out 6-3 (Groundball, 6, EV 103.8 MPH)
Batting: LHB Joey Robertson 0-0: Ball
1-0: Ball
2-0: Called Strike
2-1: Swinging Strike
2-2: Ball
3-2: Ground out 3-1 (Groundball, 34, EV 85.6 MPH)
Batting: RHB C.J. Spicer 0-0: Ground out 4-3 (Groundball, 4, EV 104.4 MPH)
Bottom of the 4th over - 0 runs, 0 hits, 0 errors, 0 left on base; Denver 0 - California 0
TOP OF THE 5TH
Denver Bulls batting - Pitching for California Kodiaks : RHP Bobby Ferguson
Batting: SHB T.J. Carter 0-0: Called Strike
0-1: Foul Ball, location: 2F
0-2: Strikes out swinging
Batting: LHB Wil Murillo 0-0: Ball
1-0: Foul Ball, location: 2F
1-1: Ground out U3 (Groundball, 3L, EV 81.9 MPH)
Batting: RHB Bert Thoma 0-0: Called Strike
0-1: Foul Ball, location: 2F
0-2: Ball
1-2: Foul Ball, location: 2F
1-2: Foul Ball, location: 2F
1-2: Strikes out looking
Top of the 5th over - 0 runs, 0 hits, 0 errors, 0 left on base; Denver 0 - California 0
BOTTOM OF THE 5TH
California Kodiaks batting - Pitching for Denver Bulls : RHP Mark Myers
Batting: RHB Al Wagner 0-0: Ball
1-0: Foul Ball, location: 2F
1-1: Swinging Strike
1-2: SINGLE (Line Drive, 78S, EV 112.5 MPH)
Batting: RHB Caron Wilson 0-0: Bunted foul
0-1: Sac Bunt to 13 - play at second, runner OUT! 1-6
Batting: LHB Stephen Caskey 0-0: Ball
1-0: Fly out, F9 (Line Drive, 9S, EV 85.6 MPH)
Batting: RHB Mitt Saginashvili 0-0: Ball
1-0: Ball
2-0: Fielders Choice at 2nd, 6-4 (Groundball, 6, EV 85.0 MPH)
Bottom of the 5th over - 0 runs, 1 hit, 0 errors, 1 left on base; Denver 0 - California 0
TOP OF THE 6TH
Denver Bulls batting - Pitching for California Kodiaks : RHP Bobby Ferguson
Batting: RHB Liam Gill 0-0: Foul Ball, location: 2F
0-1: Called Strike
0-2: Ground out 6-3 (Groundball, 6, EV 91.9 MPH)
Batting: LHB Johnathan Wang 0-0: Called Strike
0-1: Foul Ball, location: 2F
0-2: Fly out, F1 (Line Drive, P, EV 66.9 MPH)
Batting: SHB Sage Reinisch 0-0: Ball
1-0: Ball
2-0: Called Strike
2-1: Called Strike
2-2: Ball
3-2: Foul Ball, location: 2F
3-2: Foul Ball, location: 2F
3-2: Base on Balls
Batting: LHB Sean Gallina 0-0: Ball
1-0: Ball
2-0: Swinging Strike
2-1: Ball
3-1: Called Strike
3-2: Strikes out looking
Top of the 6th over - 0 runs, 0 hits, 0 errors, 1 left on base; Denver 0 - California 0
BOTTOM OF THE 6TH
California Kodiaks batting - Pitching for Denver Bulls : RHP Mark Myers
Batting: RHB Stan Sikes 0-0: DOUBLE (Line Drive, 7LD, EV 105.6 MPH)
Batting: RHB Spencer Stephens 0-0: Ball
1-0: Foul Ball, location: 2F
1-1: Foul Ball, location: 2F
1-2: Ball
2-2: Foul Ball, location: 2F
2-2: Foul Ball, location: 2F
2-2: Ball
3-2: Foul Ball, location: 2F
3-2: Base on Balls
Batting: RHB Hayden Cornett 0-0: Foul Ball, location: 2F
0-1: Ball
1-1: Fly out, F4 (Popup, 34D, EV 49.4 MPH)
Batting: LHB Joey Robertson 0-0: Foul Ball, location: 2F
0-1: Ball
1-1: Ball
2-1: SINGLE (Groundball, 34, EV 98.8 MPH)
Stan Sikes to third
Spencer Stephens to second
Batting: RHB C.J. Spicer 0-0: Ball
1-0: Foul Ball, location: 2F
1-1: Ball
2-1: Foul Ball, location: 2F
2-2: SINGLE (Groundball, 6D, EV 95.6 MPH)
Stan Sikes scores
Spencer Stephens to third
Joey Robertson to second
Batting: RHB Al Wagner 0-0: Ball
1-0: DOUBLE (Flyball, 8RXD, EV 108.1 MPH)
Spencer Stephens scores
Joey Robertson scores
C.J. Spicer to third
Pitching: LHP Harvey Owens
Batting: RHB Caron Wilson 0-0: Ball
1-0: Called Strike
1-1: Ground out 5-3 (Groundball, 56S, EV 83.1 MPH)
Batting: LHB Stephen Caskey 0-0: Ball
1-0: 3-RUN HOME RUN (Flyball, 9D, EV 93.8 MPH), Distance : 367 ft
Batting: RHB Mitt Saginashvili 0-0: Ball
1-0: Ball
2-0: Ball
3-0: Called Strike
3-1: Foul Ball, location: 2F
3-2: Foul Ball, location: 2F
3-2: Ground out 5-3 (Groundball, 56, EV 103.8 MPH)
Bottom of the 6th over - 6 runs, 5 hits, 0 errors, 0 left on base; Denver 0 - California 6
TOP OF THE 7TH
Denver Bulls batting - Pitching for California Kodiaks : RHP Bobby Ferguson
Batting: LHB Michael Hughes 0-0: Called Strike
0-1: Swinging Strike
0-2: Strikes out looking
Batting: RHB James Wilson 0-0: Foul Ball, location: 2F
0-1: Ball
1-1: Foul Ball, location: 2F
1-2: Ball
2-2: Hit by Pitch
Batting: SHB T.J. Carter 0-0: Fielders Choice at 2nd, 3-6 (Groundball, 3, EV 93.1 MPH)
Batting: LHB Wil Murillo 0-0: Called Strike
0-1: Ball
1-1: Ball
2-1: Ball
3-1: Foul Ball, location: 2F
3-2: Foul Ball, location: 2F
3-2: Foul Ball, location: 2F
3-2: Foul Ball, location: 2F
3-2: Strikes out swinging
Top of the 7th over - 0 runs, 0 hits, 0 errors, 1 left on base; Denver 0 - California 6
BOTTOM OF THE 7TH
California Kodiaks batting - Pitching for Denver Bulls : LHP Harvey Owens
Batting: RHB Stan Sikes 0-0: Called Strike
0-1: Foul Ball, location: 2F
0-2: Strikes out swinging
Batting: RHB Spencer Stephens 0-0: SINGLE (Groundball, 4M, EV 106.9 MPH) (infield hit)
Batting: RHB Hayden Cornett 0-0: Ball
1-0: Called Strike
1-1: Fly out, F7 (Flyball, 7D, EV 96.9 MPH)
Batting: LHB Joey Robertson 0-0: Foul Ball, location: 2F
0-1: Ball
1-1: Ball
2-1: Foul Ball, location: 2F
2-2: Strikes out swinging
Bottom of the 7th over - 0 runs, 1 hit, 0 errors, 1 left on base; Denver 0 - California 6
TOP OF THE 8TH
Denver Bulls batting - Pitching for California Kodiaks : RHP Bobby Ferguson
Batting: RHB Bert Thoma 0-0: Called Strike
0-1: Ball
1-1: Ball
2-1: Foul Ball, location: 2F
2-2: Strikes out swinging
Batting: RHB Liam Gill 0-0: Fly out, F8 (Flyball, 8RD, EV 106.9 MPH)
Batting: LHB Johnathan Wang 0-0: Ball
1-0: Ground out 5-3 (Groundball, 5L, EV 84.4 MPH)
Top of the 8th over - 0 runs, 0 hits, 0 errors, 0 left on base; Denver 0 - California 6
BOTTOM OF THE 8TH
California Kodiaks batting - Pitching for Denver Bulls : LHP Harvey Owens
Batting: RHB C.J. Spicer 0-0: Foul Ball, location: 2F
0-1: Foul Ball, location: 2F
0-2: Ball
1-2: Strikes out swinging
Batting: RHB Al Wagner 0-0: Called Strike
0-1: Ball
1-1: Ball
2-1: Ball
3-1: Foul Ball, location: 2F
3-2: Ground out 6-3 (Groundball, 6, EV 91.9 MPH)
Batting: RHB Caron Wilson 0-0: Ball
1-0: Ball
2-0: Ground out 5-3 (Groundball, 56, EV 84.4 MPH)
Bottom of the 8th over - 0 runs, 0 hits, 0 errors, 0 left on base; Denver 0 - California 6
TOP OF THE 9TH
Denver Bulls batting - Pitching for California Kodiaks : RHP Bobby Ferguson
Batting: SHB Sage Reinisch 0-0: Foul Ball, location: 2F
0-1: Foul Ball, location: 2F
0-2: Ball
1-2: Ball
2-2: Foul Ball, location: 2F
2-2: Ball
3-2: Base on Balls
Pitching: RHP Addison Diehl
Batting: LHB Sean Gallina 0-0: Foul Ball, location: 2F
0-1: Ball
1-1: Ball
2-1: Ball
3-1: Base on Balls
Sage Reinisch to second
Batting: LHB Michael Hughes 0-0: Called Strike
0-1: Ball
1-1: Ball
2-1: Called Strike
2-2: Ball
3-2: Foul Ball, location: 2F
3-2: Strikes out swinging
Batting: RHB James Wilson 0-0: Called Strike
0-1: Ball
1-1: Ball
2-1: Reached on error, E5 (Groundball, 56, EV 87.5 MPH)
Sage Reinisch to third
Sean Gallina to second
Batting: SHB T.J. Carter 0-0: Called Strike
0-1: Ball
1-1: Swinging Strike
1-2: Ball
2-2: Strikes out swinging
Pitching: RHP Ian Park
Batting: LHB Wil Murillo 0-0: Called Strike
0-1: Ground out U3 (Groundball, 3L, EV 90.6 MPH)
Top of the 9th over - 0 runs, 0 hits, 1 error, 3 left on base; Denver 0 - California 6
Monday, March 11th , 2024 - OOTP Baseball 23.10 Build 110